Workbook

Sheet Final Report and Budget
A2: Culture Days Microgrant
A4: 1. Please complete the fields below. 2. Fill in the below final budget with expenses and descriptions for each line item including the number of items. See the "Example" and "How to add a line item" sheet in this workbook for instructions.
A8: If you would like further support, please email microgrants@calgary.ca.
A10: BUDGET | B10: ACTUALS | C10: DESCRIPTION OF ITEM
A11: REVENUE | D11: Funder
A12: Funding
A13: Cultural Days Microgrant | B13: 0 | D13: The City of Calgary
A14: Other (Please indicate) | B14: 0
A15: Other (Please indicate) | B15: 0
A16: Other (Please indicate) | B16: 0
A17: Other (Please indicate) | B17: 0
A18: Other (Please indicate) | B18: 0
A19: Subtotal | B19: =SUM(B13:B18) -> 0
A21: Sponsorship
A22: Host Organization Contribution | B22: 0
A23: Company 1 | B23: 0 | D23: =A23 -> Company 1
A24: Company 2 | B24: 0 | D24: =A24 -> Company 2
A25: Company 3 | B25: 0 | D25: =A25 -> Company 3
A26: Subtotal | B26: =SUM(B22:B25) -> 0
A28: Earned Revenue
A29: Registration/ Ticket Sales | B29: 0
A30: Other | B30: 0
A31: Other | B31: 0
A32: Subtotal | B32: =SUM(B29:B31) -> 0
A34: REVENUE TOTAL | B34: =B32+B26+B19 -> 0
A36: EXPENSES | D36: Major Funding Source | E36: Other Funding Source
A37: Materials and Services
A38: Security | B38: 0
A39: Transport / Installation Services (Equipment and Labour) | B39: 0
A40: Lighting | B40: 0
A41: Sanitization | B41: 0
A42: Stage | B42: 0
A43: Supplies for Family Zone | B43: 0
A44: Other | B44: 0
A45: Subtotal | B45: =SUM(B38:B44) -> 0
A47: Marketing and Communications
A48: Website | B48: 0
A49: Media: Print | B49: 0
A50: Media: Radio | B50: 0
A51: Media: TV | B51: 0
A52: Media: Digital / Social | B52: 0
A53: Printing: Pagentry / Banners / Signs | B53: 0
A54: Photographers / Videographers | B54: 0
A55: Other | B55: 0
A56: Other | B56: 0
A57: Other | B57: 0
A58: Subtotal | B58: =SUM(B48:B57) -> 0
A60: Staffing/Volunteer/Consultants
A61: Volunteer T-Shirts/Vests | B61: 0
A62: Staff | B62: 0
A63: Event Coordinator | B63: 0
A64: Other | B64: 0
A65: Other | B65: 0
A66: Subtotal | B66: =SUM(B61:B65) -> 0
A68: Programming
A69: Artists/performers fees | B69: 0
A70: Curation fees | B70: 0
A71: Instalation fees | B71: 0
A72: Facility Rental | B72: 0
A73: Other | B73: 0
A74: Other | B74: 0
A75: Other | B75: 0
B76: 0
A77: Subtotal | B77: =SUM(B69:B76) -> 0
A79: EXPENSES SUBTOTAL | B79: =B77+B66+B58+B45 -> 0
A81: Surplus + / Deficit - | B81: =B34-B79 -> 0

Sheet Example
A2: Arts and Culture Microgrant Final Budget
A4: 1. Please complete the fields below. 2. Fill in the below final budget with expenses and descriptions for each line item including the number of items. See the "Example" and "How to add a line item" sheet in this workbook for instructions.
A8: If you would like further support, please email microgrants@calgary.ca.
A10: Final Budget
A12: BUDGET | B12: ACTUALS | C12: DESCRIPTION OF ITEM
A13: REVENUE | D13: Funder
A14: Funding
A15: Arts and Culture Microgrant | B15: 5000 | D15: The City of Calgary
A16: Activate YYC | B16: 5000 | D16: Parks Foundation
A17: Other | B17: 0
A18: Other | B18: 0
A19: Other | B19: 0
A20: Other | B20: 0
A21: Subtotal | B21: =SUM(B15:B20) -> 10000
A23: Sponsorship
A24: Host Organization Contribution | B24: 1685 | C24: In-kind donation for staff hours
A25: TD Canada | B25: 3000 | C25: Community Sponsorship program | D25: =A25 -> TD Canada
A26: Company 2 | B26: 0 | D26: =A26 -> Company 2
A27: Company 3 | B27: 0 | D27: =A27 -> Company 3
A28: Subtotal | B28: =SUM(B24:B27) -> 4685
A30: Earned Revenue
A31: Registration/ Ticket Sales | B31: 1500 | C31: 150 tickets sold @ $10 on Eventbrite
A32: Other | B32: 0
A33: Other | B33: 0
A34: Subtotal | B34: =SUM(B31:B33) -> 1500
A36: REVENUE TOTAL | B36: =B34+B28+B21 -> 16185
A38: EXPENSES | D38: Major Funding Source | E38: Other Funding Source
A39: Materials and Services
A40: Security | B40: 2000 | C40: 5 security guards for 10 hours | D40: Activate YYC
A41: Transport / Installation Services (Equipment and Labour) | B41: 0
A42: Lighting | B42: 0
A43: Sanitization | B43: 480 | C43: 6 Portable toliets | D43: Activate YYC
A44: Stage | B44: 2300 | C44: Stage and equipment rental | D44: Activate YYC
A45: Supplies for Family Zone | B45: 120 | C45: 2 Bean Bag Toss Game 1 Connect Four Game | D45: Activate YYC
A46: Other | B46: 0
A47: Subtotal | B47: =SUM(B40:B46) -> 4900
A49: Marketing and Communications
A50: Website | B50: 0
A51: Media: Print | B51: 525 | C51: Ads on community newsletter | D51: Earned Revenue
A52: Media: Radio | B52: 0
A53: Media: TV | B53: 0
A54: Media: Digital / Social | B54: 260 | C54: Social media ads with 5000 reach | D54: Earned Revenue
A55: Printing: Pagentry / Banners / Signs | B55: 0
A56: Photographers / Videographers | B56: 3000 | C56: 1 photographer 1 videographer | D56: Arts and Culture Microgrant
A57: Other | B57: 0
A58: Subtotal | B58: =SUM(B50:B57) -> 3785
A60: Staffing/Volunteer/Consultants
A61: Volunteer T-Shirts/Vests | B61: 600 | C61: 30 volunteer event t-shirts | D61: Arts and Culture Microgrant | E61: Earned Revenue
A62: Staff | B62: 2300 | C62: 3 Event Staff | D62: Earned Revenue
A63: Event Coordinator | B63: 1500 | C63: Staff from host | D63: Sponsorship
A64: Other | B64: 0
A65: Other | B65: 0
A66: Subtotal | B66: =SUM(B61:B65) -> 4400
A68: Programming
A69: Artists/performers fees | B69: 1800 | C69: 2 Bands | D69: Arts and Culture Microgrant
A70: Curation fees | B70: 0
A71: Instalation fees | B71: 0
A72: Facility Rental | B72: 1300 | C72: Contemporary Calgary | D72: Sponsorship
A73: Other | B73: 0
A74: Other | B74: 0
A75: Other | B75: 0
B76: 0
A77: Subtotal | B77: =SUM(B69:B76) -> 3100
A79: EXPENSES SUBTOTAL | B79: =B77+B66+B58+B47 -> 16185
A81: Surplus + / Deficit - | B81: =B36-B79 -> 0

Sheet How to add a line item 
A1: How to add a line item row to keep formulas
A3: Insert a row above an existing line item
A24: Copy a row with formulas
A43: Paste copied row into the newly inserted row
A65: Name new line item in the row accordingly
F71: New row that will calulate amount in subtotals and totals

Sheet .
A2: Example
A3: Funding Source | E3: =A3 -> Funding Source
A4: =Example!A23 -> Sponsorship | E4: =A4 -> Sponsorship
A5: =Example!A30 -> Earned Revenue | E5: =A5 -> Earned Revenue
A6: =Example!A15 -> Arts and Culture Microgrant | E6: ='Final Report and Budget'!A13 -> Cultural Days Microgrant
A7: =Example!A16 -> Activate YYC | E7: ='Final Report and Budget'!A14 -> Other (Please indicate)
A8: =Example!A17 -> Other | E8: ='Final Report and Budget'!A15 -> Other (Please indicate)
A9: =Example!A18 -> Other | E9: ='Final Report and Budget'!A16 -> Other (Please indicate)
A10: =Example!A19 -> Other | E10: ='Final Report and Budget'!A17 -> Other (Please indicate)
A11: =Example!A20 -> Other | E11: ='Final Report and Budget'!A18 -> Other (Please indicate)
